 Dungeon Crawl Stone Soup version 0.26-a0-606-g3c8f2f65f7 (webtiles) character file.

Game seed: 427476295966938665

63 ANON1729 the Sneak (level 3, -3/18 HPs)
             Began as a Spriggan Brigand on Aug 31, 2020.
             Slain by an orc priest
             ... wielding a +0 flail
              (12 damage)
             ... on level 2 of the Dungeon.
             The game lasted 00:02:14 (1546 turns).

ANON1729 the Sneak (Spriggan Brigand)               Turns: 1546, Time: 00:02:14

Health: -3/18      AC:  2    Str:  7    XL:     3   Next: 87%
Magic:  4/4        EV: 18    Int: 12    God:
Gold:   103        SH:  0    Dex: 18    Spells: 2/2 levels left

rFire    . . .     SeeInvis +   w - +1 dagger (chaos)
rCold    . . .     Faith    .   (shield restricted)
rNeg     . . .     Spirit   .   f - +0 robe (curse)
rPois    .         Reflect  .   (helmet restricted)
rElec    .         Harm     .   p - scarf {repulsion}
rCorr    .                      (gloves unavailable)
MR       .....                  (boots unavailable)
Stlth    ++++......             k - amulet of regeneration
HPRegen  0.46/turn              (no ring)
MPRegen  0.09/turn              (no ring)

@: repel missiles, very quick
A: very small, unfitting armour, see invisible, speed 3
a: no special abilities


You were on level 2 of the Dungeon.
You visited 1 branch of the dungeon, and saw 3 of its levels.

You collected 103 gold pieces.

Inventory:

Hand Weapons
 a - a +2 dagger
 w - a +1 dagger of chaos (weapon)
Missiles
 d - 31 poisoned darts
 e - 2 curare-tipped darts (quivered)
Armour
 b - a +0 robe
 c - a +0 cloak
 f - a cursed +0 robe (worn)
 p - a scarf of repulsion (worn)
Jewellery
 k - an amulet of regeneration (around neck)
Scrolls
 h - a scroll of random uselessness {unknown}
 i - 2 scrolls of amnesia {unknown}
 j - 3 scrolls of identify {unknown}
 l - a scroll of enchant weapon {unknown}
 m - 2 scrolls of teleportation {unknown}
 n - 2 scrolls of remove curse {unknown}
 o - a scroll of fear {unknown}
 r - 2 scrolls of magic mapping {unknown}
 s - 2 scrolls of fog {unknown}
Potions
 g - 2 potions of heal wounds {unknown}
 q - a potion of brilliance {unknown}
 t - 2 potions of curing {unknown}
 u - a potion of ambrosia {unknown}
 v - a potion of stabbing {unknown}


   Skills:
 + Level 2.0 Fighting
 + Level 2.9 Short Blades
 + Level 2.5 Throwing
 + Level 2.8 Dodging
 + Level 6.4 Stealth


You had 2 spell levels left.
You didn't know any spells.
Your spell library was empty.

Dungeon Overview and Level Annotations

Branches:
Dungeon (3/15)

Altars:
Hepliaklqana
Xom
Yredelemnul


Innate Abilities, Weirdness & Mutations

You are very small and have problems with some larger weapons.
You are too small for most types of armour.
You have supernaturally acute eyesight. (SInv)
You cover ground extremely quickly.


Message History

The orc priest miscasts a cantrip.
You hit the orc priest. You freeze the orc priest.
The orc priest is moderately wounded.
The orc wizard barely misses you.
You hit the orc priest but do no damage.
Lightning courses through the orc priest!
The orc priest is almost dead.
The orc priest closely misses you. The orc wizard misses you.
You hit the orc priest but do no damage.
The orc priest is poisoned.
The orc priest is almost dead.
The orc priest mumbles some strange prayers to Beogh against you.
Beogh smites you!
Ouch! That really hurt!
You closely miss the orc priest.
The orc priest is almost dead.
The orc wizard hits you but does no damage.
The orc priest hits you with a +0 flail!
Ouch! That really hurt!
You die...

#.#.# #.###..# ###.# ##. #≈#####
#.# #..###...# #.. #.#...## #.#
#...#....######.# #####..####
#.####.......#......# ..# ##....#
#...##.#.......###### ###
####.#####)##...#...### ## #..##
#......#...######## ##
##..####o..#.#........... .#
##....o@#........####### .#
##...######.....##..... .#
###...##...........#### .###
####...#....##......### ...#
#....#####....#.##..######
##.#####.##..÷....##..<##....##..
##.##....##.##########.##..#.#...
.......###..# #...#.#.....
#.####.....############..........


You could see an orc priest (very poisoned) and an orc wizard.

Vanquished Creatures
  A gnoll (D:2)
  2 adders (D:2)
  3 dart slugs
  3 bats
  3 giant cockroaches
  2 gnoll zombies (D:2)
  2 goblins (D:1)
  5 hobgoblins
  3 kobolds
  A frilled lizard (D:2)
  5 rats
30 creatures vanquished.

Notes
Turn   | Place    | Note
-------+----------+-------------------------------------------
     0 | D:1      | ANON1729 the Spriggan Brigand began the quest for the Orb.
     0 | D:1      | Reached XP level 1. HP: 10/10 MP: 2/2
   294 | D:1      | Reached skill level 6 in Stealth
   405 | D:1      | Reached XP level 2. HP: 15/15 MP: 3/3
   958 | D:2      | Reached XP level 3. HP: 18/18 MP: 4/4
  1084 | D:2      | Found a basalt altar of Yredelemnul.
  1130 | D:2      | Found a hazy altar of Hepliaklqana.
  1443 | D:2      | Found a shimmering altar of Xom.
  1546 | D:2      | Slain by an orc priest

Illustrated notes

Levels and vault maps discovered:
D:1:      dpeg_arrival_rooms_with_view, layout_basic, chequers_avenue,
          minmay_misc_feat_iff, st_stairs_3
D:2:      layout_rooms, lemuel_zombie_altar_yredelemnul, old_standard_altar,
          tgw_xom
D:3:      layout_rooms, old_standard_altar, minmay_misc_feat_hallway,
          patterned_corridor

Skill      XL: |  1  2  3 |
---------------+----------+-----
Stealth        | 6 |  6.4
Dodging        | 2 |  2.8
Fighting       | 2 |  2.0
Short Blades   | |  2.9
Throwing       | |  2.5

Action                   || total
-------------------------++-------
Melee: Dagger            ||    98
Throw: Dart              ||     1
 Stab: Sleeping          ||    15
Armor: Robe              ||     6
Dodge: Dodged            ||    63

Table legend: (Time is in decaauts)
 A = Elapsed time spent in this place.
 B = Non-inter-level travel time spent in this place.
 C = Inter-level travel time spent in this place.
 D = Time resting spent in this place.
 E = Time spent auto-exploring this place.
 F = Levels seen in this place.
 G = Mean time per level.
                   A        B        C        D        E       F      G
               +--------+--------+--------+--------+--------+-----+--------+
         Total |    989 |    956 |     33 |      0 |    703 |   3 |  329.7 |
       Dungeon |    989 |    956 |     33 |      0 |    703 |   3 |  329.7 |
               +--------+--------+--------+--------+--------+-----+--------+

Top non-repeatable levels by time:
     D:1: 606 daAuts
     D:2: 372 daAuts
     D:3: 10 daAuts
